Map: Blackpink LE

Players

Honor - Winner!

  • Race: Terran Terran
  • League: Master
  • Spawn Location: 1:00

A.I. 1 (Elite)

  • Race: Protoss Protoss
  • Spawn Location: 7:00

VOD

https://www.youtube.com/watch?v=h3wqWnMhdWE

Description

Time

  • Played on: March 22, 2018, 6:57 a.m.
  • Length: 9:55
Show
View Real Time Build Order
Export as new Build Order

Honor Terran - Winner!

Build Orders:  

Get SALT Encoding   

  12  0:01  SCV  
  13  0:13  SCV  
  14  0:18  Supply Depot  
  14  0:25  SCV  
  15  0:39  SCV  
  15  0:40  Barracks  
  16  0:45  Refinery  
  16  0:51  SCV  
  17  1:03  SCV  
  18  1:15  SCV  
  19  1:28  Orbital Command  
  19  1:29  Barracks Reactor  
  19  1:46  Command Center  
  19  1:55  SCV  
  20  2:02  Supply Depot  
  20  2:05  Marine  
  20  2:06  Marine  
  22  2:09  SCV  
  23  2:20  Barracks  
  23  2:23  Marine, SCV  
  23  2:29  Marine  
  26  2:35  SCV  
  27  2:38  Factory  
  27  2:41  Marine  
  28  2:47  Marine  
  28  2:50  SCV, Refinery  
  30  3:00  Marine  
  30  3:03  SCV  
  30  3:05  Marine  
  33  3:08  Barracks Tech Lab  
  33  3:12  Orbital Command  
  33  3:17  SCV  
  33  3:19  Marine  
  35  3:26  Starport  
  35  3:28  Factory Reactor  
  35  3:36  SCV  
  35  3:39  SCV  
  37  3:44  Supply Depot, Marine  
  37  3:47  Marine  
  39  3:49  Marine  
  39  3:51  SCV  
  39  3:53  SCV  
  39  3:54  Stimpack  
  42  4:02  Marine  
  43  4:03  SCV  
  43  4:04  Marine  
  43  4:05  SCV  
  46  4:11  Supply Depot  
  46  4:13  Marine  
  46  4:15  SCV  
  46  4:16  Medivac  
  50  4:17  SCV  
  50  4:20  Marine  
  50  4:21  Medivac  
  54  4:25  Refinery  
  54  4:28  Refinery  
  54  4:33  SCV x2  
  56  4:39  Supply Depot x2  
  56  4:41  Marine  
  56  4:44  Marauder  
  56  4:45  SCV x2  
  61  4:57  Marine  
  62  5:00  Medivac x2, Marine  
  62  5:04  SCV  
  62  5:06  Marauder  
  70  5:08  Supply Depot  
  70  5:12  Supply Depot  
  70  5:14  SCV  
  71  5:15  Marine  
  71  5:16  SCV  
  71  5:18  Marine  
  74  5:26  SCV  
  74  5:27  Marauder  
  77  5:30  Supply Depot  
  77  5:32  Medivac  
  77  5:33  Marine  
  77  5:34  Supply Depot  
  80  5:36  Marine  
  80  5:38  Combat Shield  
  82  5:42  SCV  
  82  5:43  SCV  
  82  5:46  Barracks  
  83  5:51  Barracks  
  83  5:55  Marauder, Marine x2  
  87  6:01  Medivac  
  89  6:04  Medivac  
  91  6:12  Supply Depot  
  91  6:13  Marine x2  
  91  6:14  Supply Depot  
  91  6:16  Marauder  
  95  6:31  Medivac, Marine x2  
  99  6:34  Medivac, Barracks Reactor  
  99  6:38  Marauder  
  103  6:40  Barracks Tech Lab  
  103  6:46  Supply Depot  
  103  6:48  Supply Depot  
  103  6:49  Marine x2  
  105  6:59  Marauder  
  105  7:00  Concussive Shells  
  107  7:01  Medivac  
  107  7:04  Medivac  
  107  7:05  Supply Depot x2  
  107  7:06  Marine  
  107  7:07  Marauder, Marine  
  115  7:10  Marine  
  115  7:11  Marine  
  117  7:20  Marauder  
  119  7:24  Marine x2  
  119  7:28  Marine x2  
  119  7:29  Marauder  
  125  7:31  Medivac  
  125  7:34  Medivac  
  129  7:42  Marauder, Marine x2, Supply Depot x2  
  133  7:46  Marine x2  
  133  7:50  Marauder  
  137  8:00  Marine x2  
  137  8:01  Medivac  
  137  8:03  Marauder  
  137  8:04  Marine x2  
  137  8:05  Medivac  
  147  8:12  Marauder  
  149  8:18  Marine x2  
  151  8:22  Marine x2  
  151  8:25  Marauder  
  139  8:31  Medivac  
  139  8:33  Marauder  
  119  8:35  Medivac  
  119  8:36  Marine x2  
  119  8:40  Marine x2  
  118  8:46  Marauder  
  120  8:53  Marine  
  120  8:54  Marauder, Marine  
  124  8:57  Marine  
  124  8:58  Marine  
  124  9:01  Medivac  
  128  9:05  Medivac  
  128  9:07  Marauder  
  132  9:11  Marine x2  
  132  9:16  Marauder, Marine x2  
  135  9:29  Marauder, Marine x2  
  139  9:34  Marine x2  
  147  9:43  Supply Depot  
  147  9:44  Supply Depot  
Show
View Real Time Build Order
Export as new Build Order

A.I. 1 (Elite) Protoss 

Build Orders: Colossus Rush 

Get SALT Encoding   

  12  0:00  Probe  
  13  0:13  Probe  
  14  0:20  Pylon  
  14  0:25  Probe  
  15  0:34  Probe  
  16  0:42  Probe  
  16  0:47  Assimilator  
  17  0:50  Gateway  
  17  0:51  Probe  
  18  1:00  Probe, Pylon  
  19  1:08  Probe  
  20  1:19  Probe  
  21  1:31  Probe  
  22  1:37  Zealot  
  24  1:43  Probe  
  25  1:47  Nexus  
  25  1:58  Cybernetics Core  
  25  2:01  Probe  
  26  2:13  Probe  
  27  2:25  Probe  
  27  2:27  Pylon  
  27  2:35  Stalker  
  29  2:37  Probe  
  29  2:40  Gateway  
  30  2:44  Assimilator  
  30  2:48  Probe  
  30  2:50  Warp Gate  
  31  2:54  Adept  
  31  2:57  Probe  
  31  3:00  Probe  
  31  3:01  Pylon  
  31  3:05  Probe  
  36  3:13  Probe  
  36  3:16  Probe  
  38  3:20  Adept  
  40  3:27  Robotics Facility, Adept  
  40  3:33  Probe  
  43  3:35  Probe  
  44  3:45  Probe  
  44  3:47  Probe, Adept  
  46  3:54  Adept  
  46  3:55  Probe  
  48  3:57  Probe  
  52  4:03  Probe  
  52  4:05  Probe  
  54  4:14  Adept  
  54  4:16  Probe  
  54  4:17  Probe  
  54  4:19  Pylon  
  54  4:20  Robotics Bay  
  54  4:21  Observer  
  59  4:30  Probe  
  59  4:31  Robotics Facility  
  60  4:36  Pylon  
  60  4:38  Stalker  
  62  4:46  Probe  
  62  4:48  Probe, Pylon  
  62  4:52  Stalker  
  66  5:10  Gateway  
  66  5:19  Zealot, Pylon  
  66  5:20  Colossus  
  68  5:22  Zealot  
  76  5:33  Pylon  
  76  5:39  Zealot x2  
  80  5:45  Probe x2  
  80  5:47  Assimilator  
  82  5:50  Twilight Council  
  82  5:52  Forge  
  82  5:53  Assimilator  
  82  5:55  Nexus  
  82  5:59  Stalker  
  84  6:10  Probe x2  
  86  6:22  Probe  
  86  6:23  Probe  
  86  6:24  Forge  
  88  6:26  Zealot x2  
  88  6:27  Pylon  
  88  6:32  Templar Archives  
  92  6:45  Zealot  
  92  6:46  Zealot x2  
  98  6:53  Pylon  
  98  6:59  Protoss Ground Armor Level 1  
  98  7:03  Gateway  
  98  7:05  Sentry  
  98  7:06  Probe, Stalker, Zealot  
  98  7:07  Pylon  
  105  7:08  Probe x2  
  105  7:11  Protoss Ground Weapons Level 1  
  107  7:17  Probe  
  107  7:19  Assimilator  
  107  7:20  Probe, Assimilator  
  107  7:21  Probe, Stalker  
  107  7:22  Sentry  
  114  7:27  Probe  
  114  7:28  Stalker  
  117  7:32  Probe  
  117  7:34  Probe  
  119  7:39  Probe, High Templar  
  119  7:40  Pylon  
  119  7:43  Stalker  
  124  7:44  Probe  
  124  7:46  Probe  
  126  7:51  Probe, High Templar  
  126  7:57  Probe, High Templar  
  126  7:58  Probe  
  133  8:02  Pylon  
  133  8:04  Probe  
  133  8:05  Archon  
  134  8:07  High Templar  
  134  8:08  Photon Cannon  
  134  8:09  Probe  
  134  8:10  Probe  
  138  8:15  High Templar  
  138  8:16  Probe  
  140  8:20  Zealot  
  140  8:21  Probe  
  140  8:22  Pylon  
  125  8:29  Zealot  
  109  8:34  Zealot  
  109  8:39  Zealot  
  91  8:45  Probe  
  91  8:47  High Templar  
  77  8:49  Zealot  
  77  8:54  High Templar  
  81  8:56  Probe  
  81  8:58  Probe  
  81  8:59  Stalker  
  60  9:08  Probe  
  55  9:10  Probe, Adept  
  44  9:19  Sentry, High Templar  
  44  9:20  Probe  
  44  9:22  Probe  
  45  9:25  Stalker  
  45  9:30  Zealot  
  45  9:31  Nexus  
  44  9:32  Probe  
  28  9:40  High Templar  
  28  9:44  Zealot  
Tags
 
League
Master
Matchup
PvT
Spawn Locations
Cross Positions
Add a new tag
Caveats
  • Supply blocks, unpowered buildings, or Contaminate may cause inaccurate times.
  • Supply counts are checked every 10 seconds.